 Dungeon Crawl Stone Soup version 0.32-a0-329-ge6c31236d6 (webtiles) character file.

Game seed: 3833142373597436949

165 Bravepunisher the Fiendish (level 5, -2/27 HPs)
             Began as a Spriggan Monk on Feb 17, 2024.
             Was a Priest of Makhleb.
             Killed by divine providence
             ... invoked by an orc priest
              (15 damage)
             ... on level 4 of the Dungeon.
             The game lasted 00:06:12 (2891 turns).

Bravepunisher the Fiendish (Spriggan Monk)          Turns: 2891, Time: 00:06:12

Health: -2/27      AC:  2    Str:  7    XL:     5   Next: 22%
Magic:  9/9        EV: 23    Int: 11    God:    Makhleb [***...]
Gold:   141        SH:  5    Dex: 20    Spells: 4/4 levels left

rFire   . . .        l - +2 dagger (speed)
rCold   . . .        n - +0 buckler
rNeg    . . .        b - +0 robe
rPois   .            (helmet restricted)
rElec   .            (no cloak)
rCorr   .            (gloves unavailable)
SInv    +            (boots unavailable)
Will    .....        (no amulet)
Stlth   ++           d - +5 ring of evasion
HPRegen 0.24/turn    (no ring)
MPRegen 0.11/turn

%: no passive effects
@: very quick
A: very small, no large weapons, unfitting armour, see invisible, speed 3
a: Renounce Religion, Minor Destruction, Lesser Servant of Makhleb


You were on level 4 of the Dungeon.
You worshipped Makhleb.
Makhleb was most pleased with you.
You visited 1 branch of the dungeon, and saw 4 of its levels.

You collected 141 gold pieces.

Inventory:

Hand Weapons
 l - a +2 dagger of speed (weapon)
Armour
 b - a +0 robe (worn)
 n - a +0 buckler (worn)
Jewellery
 d - a +5 ring of evasion (left hand)
Scrolls
 e - 4 scrolls of identify {unknown}
 h - a scroll of brand weapon {unknown}
 i - 2 scrolls of amnesia {unknown}
 j - a scroll of fear {unknown}
 k - a scroll of teleportation {unknown}
 m - a scroll of immolation {unknown}
 o - a scroll of noise {unknown}
Potions
 a - a potion of berserk rage {unknown}
 c - a potion of ambrosia
 f - 3 potions of brilliance {unknown}
 g - a potion of curing {unknown}


   Skills:
 - Level 2.5 Fighting
 - Level 3.2 Short Blades
 - Level 4.3 Dodging
 + Level 0.9 Shields
 * Level 4.4 Invocations


You had 4 spell levels left.
You didn't know any spells.
Your spell library contained the following spells:

 Spells                   Type           Power      Damage    Failure   Level
 Summon Small Mammal      Summ           0%         N/A       52%         1
 Call Canine Familiar     Summ           0%         N/A       87%         3
 Stone Arrow              Conj/Erth      0%         3d7       87%         3
 Animate Armour           Summ/Erth      0%         N/A       99%         4
 Summon Blazeheart Golem  Fire/Summ      0%         N/A       99%         4
 Lehudib's Crystal Spear  Conj/Erth      0%         10d2      100%        8


Dungeon Overview and Level Annotations

Branches:
Dungeon (4/15)
 Temple: D:4-7

Altars:
Cheibriados
Elyvilon
Hepliaklqana
Makhleb
Zin
The Shining One


Innate Abilities, Weirdness & Mutations

You are very small and have problems with some larger weapons.
You are too small for most types of armour.
You have supernaturally acute eyesight. (SInv)
You cover ground extremely quickly. (Speed+++)


Message History

Magic restored.
An orc comes into view. It is wielding a +0 whip.
Aiming: Minor Destruction (1% risk of failure)
Press: ? - help, Shift-Dir - straight line, f - orc
Aim: an orc, wielding a +0 whip and wearing a +0 ring mail The glob of acid hits the orc!
You kill the orc!
Makhleb accepts your kill.
Unknown command.
Aiming: Minor Destruction (1% risk of failure)
Press: ? - help, Shift-Dir - straight line, f - orc priest
Aim: an orc priest, wielding a +0 trident (wandering, hasn't noticed you)
The zap hits the orc priest.
The orc priest is lightly wounded.
The orc priest shouts!
The orc shouts!
The orc priest invokes the aid of Beogh against you.
Beogh smites you!
Aiming: Minor Destruction (1% risk of failure)
Press: ? - help, Shift-Dir - straight line, f/p - orc priest
Aim: an orc priest, wielding a +0 trident (lightly wounded)
The puff of flame hits the orc priest.
The orc priest is heavily wounded.
The endoplasm quivers.
The orc priest shouts!
Aiming: Minor Destruction (1% risk of failure)
Press: ? - help, Shift-Dir - straight line, f/p - orc priest
Aim: an orc priest, wielding a +0 trident (heavily wounded)
The glob of acid misses the orc priest.
The glob of acid hits the orc.
The acid corrodes the orc!
The orc is heavily wounded.
The orc priest calls upon Beogh to heal the orc.
The orc's wounds heal themselves!
Aiming: Minor Destruction (1% risk of failure)
Press: ? - help, Shift-Dir - straight line, f/p - orc priest
Aim: an orc priest, wielding a +0 trident (heavily wounded)
The orc priest writhes in agony.
The orc priest invokes the aid of Beogh against you.
Beogh smites you!
Ouch! That really hurt!
You die...

..#.................#
....................##
#....................#####
##...........).........$.#
##.........)............#
#..###......)..._.......
##.ß#_##.................
##..ß'.######....)........
#....'._# ##..@.........
#...ß'.## #............
....ß#_# #.....o)......
.....### #............#
.....# #.......o....#
).... ..[..# .......J....
.....# ....##
...........o. ...... ....#
###........... ......
....# .ß.ß..


You could see 2 orc priests, an orc (corroded) and an endoplasm.

Vanquished Creatures
  An orc priest (D:4)
  An orc wizard (D:4)
  An adder (D:3)
  2 ribbon worms
  2 dart slugs (D:2)
  5 orcs
  6 endoplasms
  A giant cockroach (D:2)
  2 goblins
  7 hobgoblins
  4 kobolds
  2 quokkas
  5 ball pythons (D:1)
  7 bats
  6 rats
52 creatures vanquished.

Notes
Turn   | Place    | Note
-------+----------+-------------------------------------------
     0 | D:1      | Bravepunisher the Spriggan Monk began the quest for the
                  | Orb.
     0 | D:1      | Reached XP level 1. HP: 11/11 MP: 2/2
   186 | D:4      | Found a burning altar of Makhleb.
   194 | D:4      | Became a worshipper of Makhleb the Destroyer
   194 | D:4      | Reached * piety under Makhleb
   194 | D:4      | Reached ** piety under Makhleb
   209 | D:3      | Reached XP level 2. HP: 8/16 MP: 3/3
   281 | D:1      | Reached skill level 1 in Invocations
   540 | D:1      | Reached XP level 3. HP: 17/19 MP: 5/5
  1155 | D:1      | Found a snail-covered altar of Cheibriados.
  1242 | D:2      | Found a faded altar of an unknown god.
  1565 | D:2      | Found a hazy altar of Hepliaklqana.
  1809 | D:2      | Reached XP level 4. HP: 22/23 MP: 7/7
  2337 | D:3      | Reached *** piety under Makhleb
  2822 | D:4      | Found a glowing golden altar of the Shining One.
  2822 | D:4      | Found a glowing silver altar of Zin.
  2822 | D:4      | Found a white marble altar of Elyvilon.
  2856 | D:4      | Reached XP level 5. HP: 23/27 MP: 7/9
  2891 | D:4      | Killed from afar by an orc priest

Illustrated notes

Levels and vault maps discovered:
D:1:      dpeg_arrival_water_altar, layout_loops_ring, serial_bayou,
          serial_bayou_ford_a, serial_bayou_shore_b, serial_bayou_shore_b,
          serial_bayou_lake_a
D:2:      layout_basic, basic_altar, nicolae_ecumenical_pavilion,
          dk_noncrumbling_4, grunt_ministairs_7
D:3:      layout_loops_ring
D:4:      layout_layer_cave, good_gods_mini_temple, bloody_makhleb,
          eat_drink_and_be_merry_uskayaw, worldfamousw_hep_ancestral_shrine,
          serial_shops, shop, nrook_uturn, uniq_menkaure, uniq_pikel

Skill      XL: |  1  2  3  4 |
---------------+-------------+-----
Invocations    | 2 3 4 |  4.4
Fighting       | |  2.5
Short Blades   | |  3.2
Dodging        | |  4.3
Shields        | |  0.9

Action                     |  1- 3 |  4- 6 || total
---------------------------+-------+-------++-------
  Melee: Short sword       |    21 |     1 ||    22
 Invoke: Minor Destruction |    57 |    35 ||    92
   Stab: Sleeping          |     1 |       ||     1
 Armour: Robe              |     8 |       ||     8
  Dodge: Dodged            |    44 |     6 ||    50

Table legend: (Time is in decaauts)
 A = Elapsed time spent in this place.
 B = Non-inter-level travel time spent in this place.
 C = Inter-level travel time spent in this place.
 D = Time resting spent in this place.
 E = Time spent auto-exploring this place.
 F = Levels seen in this place.
 G = Mean time per level.
                   A        B        C        D        E       F      G
               +--------+--------+--------+--------+--------+-----+--------+
         Total |   1927 |   1839 |     88 |     10 |   1491 |   4 |  481.8 |
       Dungeon |   1927 |   1839 |     88 |     10 |   1491 |   4 |  481.8 |
               +--------+--------+--------+--------+--------+-----+--------+

Top non-repeatable levels by time:
     D:1: 732 daAuts
     D:2: 632 daAuts
     D:3: 385 daAuts
     D:4: 177 daAuts
